 Dungeon Crawl Stone Soup version 0.21-a0-528-gf531e82 (webtiles) character file.

948 Starchild the Prestidigitator (level 7, -2/56 HPs)
             Began as a Deep Dwarf Artificer on Dec 8, 2017.
             Was an Initiate of Gozag.
             Slain by an ogre
             ... wielding a +0 giant club
              (21 damage)
             ... on level 5 of the Dungeon.
             The game lasted 00:19:20 (3015 turns).

Starchild the Prestidigitator (DDAr)                Turns: 3015, Time: 00:19:22

Health: -2/56      AC:  4    Str: 17    XL:     7   Next: 89%
Magic:  23/23      EV:  9    Int: 12    God:    Gozag
Gold:   490        SH:  7    Dex: 18    Spells: 6/6 levels left

rFire    . . .     SeeInvis .   z - +0 war axe
rCold    . . .     Gourm    .   B - +0 shield
rNeg     . . .     Faith    .   b - +0 leather armour
rPois    .         Spirit   .   (no helmet)
rElec    .         Reflect  .   A - scarf {cloud immunity}
rCorr    .         Harm     .   h - +0 pair of gloves
MR       +....                  (no boots)
Stlth    ++........             (no amulet)
HPRegen  0.00/turn              t - ring of magical power
MPRegen  0.18/turn              y - +5 ring of dexterity

@: marked, gold aura, non-regenerating
A: damage resistance, heal wounds, sense surroundings 1, no regeneration
a: Heal Wounds, Potion Petition, Call Merchant, Bribe Branch, Renounce Religion


You were on level 5 of the Dungeon.
You worshipped Gozag.
Gozag was aware of your devotion.
You were not hungry.

You visited 1 branch of the dungeon, and saw 5 of its levels.

You collected 524 gold pieces.
You paid 34 gold pieces to Gozag.

Inventory:

Hand Weapons
 a - a +0 short sword
 z - a +0 war axe (weapon)
Missiles
 e - 4 tomahawks (quivered)
 g - 74 stones
 q - 3 throwing nets
 x - 12 bolts
Armour
 b - a +0 leather armour (worn)
 h - a +0 pair of gloves (worn)
 A - a scarf of cloud immunity (worn)
 B - a +0 shield (worn)
Jewellery
 t - a ring of magical power (left hand)
 y - a +5 ring of dexterity (right hand)
Wands
 c - a wand of flame (5)
 d - a wand of enslavement (10)
Scrolls
 k - a scroll of magic mapping
 o - 2 scrolls of remove curse
 p - a scroll of fog
 r - 3 scrolls of fear {unknown}
 s - 2 scrolls of enchant weapon {unknown}
 w - 2 scrolls of teleportation {unknown}
Potions
 j - a potion of haste {unknown}
 l - 2 potions of degeneration {unknown}
 m - 2 potions of might {unknown}
 n - 3 potions of curing {unknown}
 u - a potion of ambrosia {unknown}
 v - 2 potions of flight {unknown}
Comestibles
 f - 2 bread rations
 i - 4 meat rations
 C - a royal jelly


   Skills:
 - Level 0.8 Fighting
 - Level 0.8 Short Blades
 - Level 2.1 Dodging
 - Level 1.2 Stealth
 + Level 12.1 Evocations


You had 6 spell levels left.
You didn't know any spells.

Dungeon Overview and Level Annotations

Branches:
Dungeon (5/15)             Temple (0/1) D:5

Altars:
Ashenzari
Cheibriados
Dithmenos
Gozag
Hepliaklqana
Ru
Vehumet


Innate Abilities, Weirdness & Mutations

You are resistant to damage.
You can heal yourself by infusing magical energy.
You passively map a small area around you.
You do not regenerate.


Message History

There is a stone staircase leading up, spattered with blood here.
You now have 477 gold pieces (gained 8).
You now have 484 gold pieces (gained 7).
You now have 490 gold pieces (gained 6).
The alarm trap emits a blaring wail!
A sentinel's mark forms upon you.
You hear a shout! x2; You hear an angry hiss.
A shadow imp opens the door.
You block the shadow imp's attack.
An ogre comes into view. It is wielding a giant club.
You slash the shadow imp!
The shadow imp is severely wounded.
You block the shadow imp's attack. The ogre barely misses you.
You hit the ogre.
The ogre is lightly wounded.
You hit the shadow imp.
You kill the shadow imp!
The ogre hits you with a giant club!!
You die...
Your body crumbles into a pile of gold.

#. * #.# *.. * ,
#.## *####* ..# ...*
*#.# * ,##.#* ##=##
## #...###
###..$#..#
+.8...###...8@O..# ,
#.............#..# ,
###....<....### .#
#, ###.....### # . *
##.8.##, , .###
###.....### ,
...###....<(...### *
...#.............#,*
.#.'.8...###...8.+


You could see an ogre.

Vanquished Creatures
  Grinder (D:3)
  Sigmund (D:3)
  A scorpion (D:4)
  A bullfrog zombie (D:5)
  2 orc priests (D:4)
  A jelly (D:5)
  3 orc wizards
  A bullfrog skeleton (D:4)
  Natasha (D:4)
  An iguana (D:5)
  3 worker ants
  A killer bee zombie (D:5)
  A hound skeleton (D:5)
  2 gnolls (D:2)
  A worker ant zombie (D:5)
  8 adders
  3 shadow imps (D:5)
  An adder skeleton (D:4)
  A worm (D:2)
  A leopard gecko (D:2)
  4 orcs
  6 bats
  3 giant cockroaches
  8 goblins
  7 hobgoblins (D:2)
  2 jackals (D:2)
  3 quokkas
  A frilled lizard (D:1)
  5 kobolds
  5 rats
79 creatures vanquished.

Vanquished Creatures (collateral kills)
  Natasha (D:4)
  A gnoll (D:2)
  A jackal (D:2)
  A kobold (D:2)
4 creatures vanquished.

Vanquished Creatures (others)
  A gnoll (D:2)
  An adder (D:2)
2 creatures vanquished.

Grand Total: 85 creatures vanquished

Notes
Turn   | Place    | Note
-------+----------+-------------------------------------------
     0 | D:1      | Starchild the Deep Dwarf Artificer began the quest for the Orb.
     0 | D:1      | Reached XP level 1. HP: 16/16 MP: 3/3
   336 | D:1      | Reached XP level 2. HP: 22/24 MP: 5/5
   602 | D:2      | Reached skill level 5 in Evocations
   692 | D:2      | Reached XP level 3. HP: 6/30 MP: 7/7
   720 | D:2      | Found a snail-covered altar of Cheibriados.
   815 | D:2      | Reached skill level 6 in Evocations
   900 | D:2      | Found a radiant altar of Vehumet.
   989 | D:2      | Reached XP level 4. HP: 4/37 MP: 8/8
  1121 | D:2      | Found a shadowy altar of Dithmenos.
  1179 | D:2      | Reached skill level 7 in Evocations
  1215 | D:2      | Found a shattered altar of Ashenzari.
  1258 | D:2      | Found an opulent altar of Gozag.
  1268 | D:2      | Became a worshipper of Gozag Ym Sagoz the Greedy
  1389 | D:3      | Noticed Sigmund
  1487 | D:3      | Killed Sigmund
  1487 | D:3      | Reached skill level 9 in Evocations
  1487 | D:3      | Reached XP level 5. HP: 21/43 MP: 8/10
  1487 | D:3      | Reached XP level 6. HP: 25/50 MP: 8/11
  1539 | D:3      | Noticed Grinder
  1544 | D:3      | Paralysed by Grinder for 2 turns
  1560 | D:3      | Killed Grinder
  1560 | D:3      | Reached skill level 10 in Evocations
  1636 | D:3      | Found a faded altar of an unknown god.
  1691 | D:3      | Found a sacrificial altar of Ru.
  2041 | D:4      | Reached XP level 7. HP: 27/56 MP: 13/13
  2118 | D:4      | Noticed Natasha
  2123 | D:4      | Killed Natasha
  2292 | D:4      | Noticed Natasha
  2303 | D:4      | Killed Natasha
  2325 | D:4      | Reached skill level 11 in Evocations
  2670 | D:5      | Entered Level 5 of the Dungeon
  2691 | D:5      | Found a staircase to the Ecumenical Temple.
  2860 | D:5      | Found a hazy altar of Hepliaklqana.
  2963 | D:5      | Reached skill level 12 in Evocations
  2963 | D:5      | HP: 2/56 [iguana (10)]
  3015 | D:5      | Slain by an ogre

Vault maps used:
D:1:      minmay_arrival_widening_spiral_wide, minmay_misc_feat_hallway
D:2:      grunt_gozag_statues, marbit_many_paths, old_standard_altar,
          overflow_temple_1_default, grunt_dithmenos_smoke_and_mirrors,
          first_bread
D:3:      nicolae_ru_awakened_eye, chequers_ecumenical_altar_island,
          uniq_sigmund, uniq_grinder
D:4:      uniq_natasha
D:5:      kennysheep_little_box, minmay_temple_entry_enclosed_plants,
          grunt_ministairs_13, minmay_misc_feat_four_crosses

Skill      XL: |  1  2  3  4  5  6  7 |
---------------+----------------------+-----
Evocations     | 5 6 9 10 12 | 12.1
Fighting       | |  0.8
Short Blades   | |  0.8
Dodging        | |  2.1
Stealth        | |  1.2

Action                   |  1- 3 |  4- 6 |  7- 9 || total
-------------------------+-------+-------+-------++-------
Melee: Short sword       |   124 |   149 |    39 ||   312
       War axe           |       |       |    60 ||    60
Throw: Stone             |    15 |    10 |     6 ||    31
       Tomahawk          |       |       |     4 ||     4
Invok: Potion Petition   |       |     1 |       ||     1
 Abil: Heal Wounds       |     1 |     2 |     6 ||     9
Evoke: Wand              |     6 |    14 |    10 ||    30
  Use: Scroll            |       |     4 |     2 ||     6
 Stab: Sleeping          |     4 |     2 |     1 ||     7
       Paralysed         |       |     7 |       ||     7
  Eat: Chunk             |       |     1 |       ||     1
       Royal jelly       |       |     1 |       ||     1
       Bread ration      |       |       |     1 ||     1
Armor: Leather armour    |    38 |    49 |    33 ||   120
Dodge: Dodged            |    80 |   126 |    77 ||   283
Block: Shield            |       |       |    22 ||    22

Table legend:
 A = Spawn XP
 B = Non-spawn XP
 C = Spawn XP percentage of total XP
 D = Spawn monster count
 E = Non-spawn monster count
 F = Spawn count percentage of total count
 G = Total turns spent on level
                    A         B        C        D         E        F      G
               +---------+---------+-------+---------+---------+-------+---------
         Total |       0 |    1355 |   0.0 |       0 |      85 |   0.0 |  3015
               +---------+---------+-------+---------+---------+-------+---------
           D:1 |       0 |      17 |   0.0 |       0 |      11 |   0.0 |   588
           D:2 |       0 |     155 |   0.0 |       0 |      37 |   0.0 |   796
           D:3 |       0 |     501 |   0.0 |       0 |       8 |   0.0 |   509
           D:4 |       0 |     384 |   0.0 |       0 |      15 |   0.0 |   777
           D:5 |       0 |     298 |   0.0 |       0 |      14 |   0.0 |   345
               +---------+---------+-------+---------+---------+-------+---------
